 Dungeon Sprint DCSS version 0.29-a0-330-g52719c12eb (webtiles) character file.

Game seed: 1419528482590516077

35 mhtbhm the Poker (level 3, -1/49 HPs)
             Began as a Merfolk Berserker on Apr 12, 2022.
             Was a Believer of Trog.
             Slain by a sky beast (6 damage)
             ... in the Dungeon (Sprint IX: "|||||||||||||||||||||||||||||").
             The game lasted 00:00:08 (47 turns).

mhtbhm the Poker (Merfolk Berserker)                  Turns: 47, Time: 00:00:09

Health: -1/49      AC:  2    Str: 19    XL:     3   Next: 35%
Magic:  3/3        EV: 13    Int:  6    God:    Trog [**....]
Gold:   0          SH:  0    Dex: 13    Spells: 2/2 levels left

rFire   . . .      SeeInvis .   a - +0 spear
rCold   . . .      Faith    .   (no shield)
rNeg    . . .      Spirit   .   b - +0 animal skin
rPois   .          Reflect  .   (no helmet)
rElec   .          Harm     .   (no cloak)
rCorr   .          Rampage  .   (no gloves)
Will    .....      NoTele   +   (no boots)
Stlth   ..........              (no amulet)
HPRegen 0.16/turn               (no ring)
MPRegen 0.08/turn               (no ring)

@: berserking, very quick
A: (nimble swimmer 2), mertail
a: Renounce Religion, Berserk, Trog's Hand


You were in the Dungeon.
You worshipped Trog.
Trog was pleased with you.
You visited 1 branch

Inventory:

Hand Weapons
 a - a +0 spear (weapon)
Armour
 b - a +0 animal skin (worn)
Scrolls
 h - a scroll of blinking
Potions
 c - a potion of curing
 d - a potion of heal wounds
 e - a potion of haste
 f - 2 potions of magic
 g - a potion of berserk rage


   Skills:
 + Level 5.3 Fighting
 + Level 6.6 Polearms
 + Level 2.0 Armour
 + Level 3.8 Dodging
 + Level 0.8 Stealth


You had 2 spell levels left.
You didn't know any spells.
Your spell library was empty.

Dungeon Overview and Level Annotations

Branches:
Dungeon (1/1)

Altars:


Innate Abilities, Weirdness & Mutations

((You are very nimble when in or above water. (Stealth+, EV+, Speed+++)))
Your lower body shifts to a powerful aquatic tail in water.


Message History

You completely miss the jelly. The jelly hits you.
You are splashed with acid!
You are too injured to fight recklessly!
You are too injured to fight recklessly!
You are too injured to fight recklessly!
You are too injured to fight recklessly!
You are too injured to fight recklessly!
You are too injured to fight recklessly!
You are too injured to fight recklessly!
You are too injured to fight recklessly!
You are too injured to fight recklessly!
You puncture the jelly!
Your hands burn!
* * * LOW HITPOINT WARNING * * *
The jelly is severely wounded.
You puncture the jelly!
You kill the jelly!
Trog accepts your kill.
A sky beast appears from thin air!
Reactivating autopickup.
Your Fighting skill increases to level 5!
Your Polearms skill increases to level 6!
Your Armour skill increases to level 2!
You have reached level 2!
You have reached level 3!
Your experience leads to an increase in your attributes!
Increase (S)trength, (I)ntelligence, or (D)exterity?
You feel stronger. x2
Unknown command.
Unknown command.
You barely miss the sky beast. You puncture the sky beast!
The sky beast is moderately wounded.
The sky beast flickers out of sight!
Deactivating autopickup; reactivate with Ctrl-A.
Something hits you but does no damage.
You closely miss something.
Unknown command.
You closely miss something. Something hits you.
* * * LOW HITPOINT WARNING * * *
Something shocks you.
You die...

▓+▓
▓.▓
▓.▓
▓o▓
▓J▓
▓h▓
▓{▓
▓@▓
▓.▓
▓.▓
▓.▓
▓†▓
▓†▓
▓.▓
▓.▓
▓.▓


You could see a hound, a jelly and an orc.

Vanquished Creatures
  A jelly (D)
  A giant cockroach (D)
  A hobgoblin (D)
  A jackal (D)
  A quokka (D)
  A frilled lizard (D)
6 creatures vanquished.

Notes
Turn   | Place    | Note
-------+----------+-------------------------------------------
     0 | D        | mhtbhm the Merfolk Berserker began the quest for the Orb.
     0 | D        | Reached XP level 1. HP: 18/18 MP: 1/1
    12 | D        | Reached ** piety under Trog
    17 | D        | Reached skill level 5 in Polearms
    39 | D        | Noticed a jelly
    39 | D        | Noticed a hound
    39 | D        | Noticed a sky beast
    39 | D        | Noticed a jelly
    43 | D        | Killed a jelly
    44 | D        | Reached skill level 5 in Fighting
    44 | D        | Reached skill level 6 in Polearms
    44 | D        | Reached XP level 2. HP: 6/27 MP: 2/2
    44 | D        | Reached XP level 3. HP: 8/33 MP: 3/3
    47 | D        | Slain by a sky beast

Illustrated notes

Levels and vault maps discovered:
D:        linesprint [early_d, line_temple, items_1, d_10, items_2, lair_1,
          lair_end, items_3, orc_1, orc_end, items_4, d_15, swamp_1, shoals_1,
          snake_1, spider_1, d_20, vaults_1, items_5, swamp_end, shoals_end,
          snake_end, spider_end, vaults_end, d_27, items_6, zot_1, zot_end,
          crypt_end, forest_end, elf_end, slime_end, tomb_end, abyss_end,
          pan_hell_end]

Skill      XL: |  1 |
---------------+----+-----
Fighting       | 5 |  5.3
Dodging        | 3 |  3.8
Polearms       | 6 |  6.6
Armour         | 2 |  2.0
Stealth        | |  0.8

Action                   || total
-------------------------++-------
Melee: Spear             ||    20
Invok: Berserk           ||     1
 Stab: Sleeping          ||     1
Armor: Animal skin       ||     1
Dodge: Dodged            ||     6

Table legend: (Time is in decaauts)
 A = Elapsed time spent in this place.
 B = Non-inter-level travel time spent in this place.
 C = Inter-level travel time spent in this place.
 D = Time resting spent in this place.
 E = Time spent auto-exploring this place.
 F = Levels seen in this place.
 G = Mean time per level.
                   A        B        C        D        E       F      G
               +--------+--------+--------+--------+--------+-----+--------+
         Total |     42 |     42 |      0 |     17 |      3 |   1 |   42.0 |
       Dungeon |     42 |     42 |      0 |     17 |      3 |   1 |   42.0 |
               +--------+--------+--------+--------+--------+-----+--------+

Top non-repeatable levels by time:
       D: 42 daAuts
